 Dungeon Crawl Stone Soup version 0.22.1-2-g9c5b331 (webtiles) character file.

469 video the Skirmisher (level 6, 0/55 HPs)
             Began as a Draconian Artificer on Nov 27, 2018.
             Was an Initiate of Ashenzari.
             Slain by a gnoll zombie (7 damage)
             ... in an ossuary.
             The game lasted 00:25:07 (4549 turns).

video the Skirmisher (Draconian Artificer)          Turns: 4549, Time: 00:25:08

Health: 0/55       AC:  6    Str: 14    XL:     6   Next: 82%
Magic:  9/9        EV: 14    Int: 12    God:    Ashenzari [......]
Gold:   180        SH:  0    Dex: 13    Spells: 5/5 levels left

rFire    . . .     SeeInvis .   b - +1 whip
rCold    . . .     Gourm    .   (no shield)
rNeg     . . .     Faith    .   (armour unavailable)
rPois    .         Spirit   .   (helmet restricted)
rElec    .         Reflect  .   (no cloak)
rCorr    .         Harm     .   (no gloves)
MR       .....                  (no boots)
Stlth    +.........             (no amulet)
HPRegen  0.18/turn              s - ring of attention (curse)
MPRegen  0.11/turn              (no ring)

@: no status effects
A: unfitting armour, cold-blooded, AC +6
a: Curse Item, Renounce Religion


You were in an ossuary.
You worshipped Ashenzari.
Ashenzari was noncommittal.
You were not hungry.

You visited 1 branch of the dungeon, and saw 4 of its levels.
You also visited: Ossuary.

You collected 180 gold pieces.

Inventory:

Hand Weapons
 a - a +0 short sword
 b - a +1 whip (weapon)
 l - a +0 whip
Armour
 h - a +0 robe
Jewellery
 s - a cursed ring of attention (left hand)
Wands
 c - a wand of enslavement (12)
 d - a wand of random effects (15)
 j - a wand of clouds (5)
Scrolls
 e - a scroll of remove curse
 g - 5 scrolls of identify
 i - a scroll of immolation
 p - a scroll of teleportation
Potions
 k - 3 potions of might
 n - a potion of agility
 o - a potion of degeneration
Comestibles
 f - 4 rations


   Skills:
 * Level 4.8 Fighting
 - Level 1.3 Short Blades
 - Level 0.2 Maces & Flails
 + Level 4.3 Dodging
 + Level 1.6 Stealth
 + Level 4.1 Evocations


You had 5 spell levels left.
You didn't know any spells.
Your spell library contained the following spells:

 Spells                   Type           Power        Failure   Level  Hunger
 Corona                   Hex            #......      32%         1    ##.....
 Ensorcelled Hibernation  Hex/Ice        #.....       45%         2    ###....
 Confuse                  Hex            #.......     69%         3    ####...
 Dazzling Spray           Conj/Hex       #.....       69%         3    ####...
 Tukima's Dance           Hex            #.......     69%         3    ####...


Dungeon Overview and Level Annotations

Branches:
Dungeon (4/15)
 Temple: D:4-7

Altars:
Ashenzari
Cheibriados
Dithmenos
Hepliaklqana
Yredelemnul

Annotations:
D:4 Robin


Innate Abilities, Weirdness & Mutations

Your plain brown scales are hard. (AC +6)
You cannot fit into any form of body armour.
You are cold-blooded and may be slowed by cold attacks.


Message History

* * * LOW HITPOINT WARNING * * *
You whack the water moccasin zombie!
Your tail-slap misses the water moccasin zombie.
The water moccasin zombie is almost destroyed.
The water moccasin zombie completely misses you.
The water moccasin zombie misses you.
You barely miss the water moccasin zombie.
The water moccasin zombie is almost destroyed.
The water moccasin zombie barely misses you.
You whack the water moccasin zombie!
You destroy the water moccasin zombie!
You barely miss the gnoll zombie. The gnoll zombie misses you.
You hit the gnoll zombie.
The gnoll zombie is lightly damaged.
The gnoll zombie hits you.
* * * LOW HITPOINT WARNING * * *
You hit the gnoll zombie.
The gnoll zombie is heavily damaged.
The gnoll zombie hits you!
You die...

###################
#∩..#.^.#....#..^#.
#...'...#....#.^^#.
#...#^^^'....'^^^'.
###'###############
#...# #. #..^# #^
#.^.# #. #^@^# #.
##Z## ##


ZZZ #. #...# #. #...# #. #...# #. #+### #' #. ### #####. You could see 2 gnoll
zombies, a kobold zombie and an orc zombie.

Vanquished Creatures
  3 water moccasin zombies (Ossuary)
  An iguana (D:3)
  4 big kobold zombies (Ossuary)
  4 adders
  2 gnolls (D:2)
  An ooze (D:1)
  4 adder zombies (Ossuary)
  5 dart slugs
  3 worms
  3 leopard geckos
  3 orcs
  12 bats
  A giant cockroach (D:1)
  2 gnoll zombies (Ossuary)
  17 goblins
  8 hobgoblins
  14 jackals
  A ball python (D:2)
  6 frilled lizards
  8 hobgoblin zombies (Ossuary)
  4 kobolds
  A kobold zombie (Ossuary)
  2 orc zombies (Ossuary)
  13 rats
122 creatures vanquished.

Vanquished Creatures (collateral kills)
  An ooze (D:2)
1 creature vanquished.

Vanquished Creatures (others)
  A gnoll (D:2)
1 creature vanquished.

Grand Total: 124 creatures vanquished

Notes
Turn   | Place    | Note
-------+----------+-------------------------------------------
     0 | D:1      | video the Draconian Artificer began the quest for the Orb.
     0 | D:1      | Reached XP level 1. HP: 16/16 MP: 3/3
    74 | D:1      | Reached skill level 1 in Stealth
   136 | D:1      | Reached XP level 2. HP: 15/23 MP: 4/4
   554 | D:1      | Reached XP level 3. HP: 4/28 MP: 5/5
  1671 | D:2      | Reached XP level 4. HP: 28/36 MP: 6/6
  2003 | D:2      | Found a shattered altar of Ashenzari.
  2364 | D:2      | Became a worshipper of Ashenzari the Shackled
  2939 | D:3      | Reached XP level 5. HP: 23/42 MP: 7/7
  3236 | D:3      | Found a faded altar of an unknown god.
  3236 | D:3      | Found a faded altar of an unknown god.
  3246 | D:3      | Found a hazy altar of Hepliaklqana.
  3248 | D:3      | Found a shadowy altar of Dithmenos.
  3250 | D:3      | Found a basalt altar of Yredelemnul.
  3742 | D:4      | Noticed Robin
  3791 | D:4      | Found a snail-covered altar of Cheibriados.
  3820 | D:4      | Found a sand-covered staircase.
  3826 | Ossuary  | Entered an ossuary
  4001 | Ossuary  | HP: 2/45 [gnoll zombie (4)]
  4026 | Ossuary  | Reached XP level 6. HP: 6/52 MP: 9/9
  4549 | Ossuary  | Slain by a gnoll zombie

Skill      XL: |  1  2  3  4  5  6 |
---------------+-------------------+-----
Stealth        | 1 |  1.6
Dodging        | 2 3 4 |  4.3
Fighting       | 2 3 4 |  4.8
Evocations     | 4 |  4.1
Short Blades   | |  1.3
Maces & Flails | |  0.2

Action                   |  1- 3 |  4- 6 || total
-------------------------+-------+-------++-------
Melee: Short sword       |    56 |       ||    56
       Tailslap          |    20 |    58 ||    78
       Whip              |    99 |   377 ||   476
Evoke: Wand              |     5 |    13 ||    18
  Use: Potion            |       |     9 ||     9
       Scroll            |       |     7 ||     7
 Stab: Sleeping          |     2 |       ||     2
  Eat: Chunk             |     3 |     7 ||    10
       Ration            |       |     1 ||     1
Armor: Skin              |    78 |    84 ||   162
Dodge: Dodged            |   129 |   244 ||   373
